Map: Frozen Temple

Players

Tenonee - Winner!

  • Race: Terran Terran
  • League: Diamond

llllllllllll

  • Race: Terran Terran
  • League: Diamond

VOD

Have the link to the VOD?

Description

Time

  • Played on: July 31, 2016, 6:06 a.m.
  • Length: 8:05
Show
View Real Time Build Order
Export as new Build Order

Tenonee Terran - Winner!

Build Orders: Reaper Expand, MMM Bio 

Get SALT Encoding   

  12  0:01  SCV  
  13  0:14  SCV  
  14  0:18  Supply Depot  
  14  0:26  SCV  
  15  0:39  SCV  
  15  0:42  Barracks  
  16  0:45  Refinery  
  16  0:51  SCV  
  17  1:04  SCV  
  18  1:05  Supply Depot  
  18  1:16  SCV  
  19  1:29  Orbital Command  
  19  1:30  Reaper  
  20  1:54  Command Center  
  20  1:58  SCV  
  21  2:03  Marine  
  22  2:10  SCV  
  22  2:11  Factory  
  23  2:22  SCV  
  24  2:31  Barracks Reactor  
  24  2:34  SCV  
  25  2:38  Barracks  
  25  2:46  SCV  
  26  2:58  Factory Tech Lab, SCV  
  26  3:03  Refinery  
  27  3:10  SCV  
  28  3:13  Marine x2  
  30  3:25  Barracks  
  30  3:31  Barracks Reactor  
  30  3:32  Barracks Tech Lab  
  30  3:33  Marine  
  30  3:34  Marine  
  30  3:35  Siege Tank  
  30  3:40  Orbital Command  
  34  3:44  SCV  
  35  3:50  Marine  
  35  3:53  Stimpack  
  36  3:56  SCV, Refinery  
  36  3:58  Marine x2  
  39  4:08  Marine  
  40  4:15  Barracks Reactor  
  40  4:16  Marine  
  41  4:20  SCV x2  
  43  4:25  Supply Depot  
  43  4:26  Supply Depot  
  43  4:28  Starport  
  43  4:32  SCV  
  45  4:39  Marine  
  45  4:43  Marine  
  46  4:46  Supply Depot, Marine  
  46  4:49  SCV x2  
  49  4:57  Marine  
  52  5:01  SCV x2  
  52  5:02  Supply Depot  
  52  5:10  Siege Tank  
  55  5:16  SCV x2  
  55  5:17  Barracks Reactor, Marine x2  
  55  5:19  Medivac  
  61  5:21  Medivac  
  61  5:28  SCV x2  
  65  5:29  Supply Depot  
  65  5:30  Marine  
  65  5:35  Marine x2  
  68  5:40  SCV x2  
  70  5:46  Siege Tank  
  70  5:48  Marine  
  70  5:49  Supply Depot  
  74  5:52  SCV x2  
  76  6:01  Marine x4  
  75  6:06  Marine  
  76  6:13  Medivac x2  
  76  6:15  Combat Shields  
  80  6:19  Marine  
  80  6:20  Engineering Bay, SCV x2  
  80  6:21  Engineering Bay  
  80  6:22  Marine  
  80  6:24  Refinery  
  84  6:25  Command Center, Supply Depot  
  84  6:28  Marine x2  
  84  6:29  Marine  
  84  6:32  SCV  
  88  6:34  Supply Depot  
  86  6:58  Marine x3  
  86  6:59  Marine  
  82  7:06  Marine  
  83  7:11  Medivac x2, Siege Tank  
  87  7:16  Marine x4  
  90  7:24  Marine  
  90  7:26  Supply Depot x2  
  91  7:34  Marine  
  92  7:37  Marine x2  
  92  7:38  Marine  
  92  7:40  SCV x2  
  92  7:42  Marine  
Show
View Real Time Build Order
Export as new Build Order

llllllllllll Terran 

Build Orders: Reaper Expand 

Get SALT Encoding   

  12  0:01  SCV  
  13  0:13  SCV  
  14  0:23  Supply Depot  
  14  0:25  SCV  
  15  0:44  SCV  
  15  0:46  Barracks  
  15  0:49  Refinery  
  16  0:56  SCV  
  17  1:08  SCV  
  18  1:20  SCV  
  19  1:33  Orbital Command  
  19  1:36  Reaper  
  20  1:44  Command Center  
  20  1:55  Barracks  
  20  2:02  SCV  
  21  2:08  Barracks Reactor  
  21  2:15  SCV  
  22  2:19  Refinery  
  21  2:31  SCV  
  22  2:47  Reaper x2  
  23  2:55  Supply Depot  
  21  3:46  Factory  
  20  4:12  Orbital Command  
  20  4:16  SCV  
  21  4:17  Marine x2  
  21  4:20  Barracks Tech Lab  
  23  4:28  SCV  
  24  4:32  Starport  
  24  4:33  Factory Reactor  
  24  4:37  Marine x2  
  26  4:40  SCV  
  27  4:53  SCV  
  27  4:57  SCV  
  29  5:00  Marine x2  
  29  5:02  Marine, Stimpack  
  29  5:05  SCV  
  33  5:09  SCV  
  34  5:19  SCV  
  34  5:20  Marine, Medivac  
  34  5:21  Medivac  
  40  5:22  Marine x2, SCV  
  40  5:25  Factory Tech Lab  
  42  5:45  Siege Tank  
  42  5:47  Marine x2  
  42  5:48  Marine  
  47  6:05  Marine x2  
  49  6:13  Supply Depot  
  49  6:18  Supply Depot  
  49  6:21  SCV  
  49  6:22  SCV  
  51  6:25  Refinery  
  51  6:26  Marine x3, Refinery  
  54  6:34  Supply Depot, Medivac  
  54  6:35  Siege Tank, SCV x2  
  62  6:47  SCV  
  45  7:02  Marine x3  
  45  7:20  Marine x3  
  36  7:38  Marine x3  
Tags
 
Add a new tag
Caveats
  • Supply blocks, unpowered buildings, or Contaminate may cause inaccurate times.
  • Supply counts are checked every 10 seconds.